 Dungeon Crawl Stone Soup version 0.26.1-10-gdfb7c7de75 (webtiles) character file.

Game seed: 450965379738945290

40 Chiseanne the Sneak (level 3, -1/27 HPs)
             Began as a Demonspawn Wanderer on Mar 2, 2021.
             Slain by a worm (4 damage)
             ... on level 2 of the Dungeon on Apr 11, 2021.
             The game lasted 00:05:12 (1513 turns).

Chiseanne the Sneak (Demonspawn Wanderer)           Turns: 1513, Time: 00:05:12

Health: -1/27      AC: 13    Str: 10    XL:     3   Next: 30%
Magic:  6/6        EV:  8    Int: 15    God:
Gold:   40         SH:  0    Dex: 13    Spells: 6/6 levels left

rFire    . . .     SeeInvis .   a - +0 hand axe
rCold    . . .     Faith    .   (no shield)
rNeg     . . .     Spirit   .   q - +0 scale mail
rPois    .         Reflect  .   (no helmet)
rElec    .         Harm     .   (no cloak)
rCorr    .         Rampage  .   (no gloves)
Will     .....                  b - +0 pair of boots
Stlth    +.........             (no amulet)
HPRegen  0.09/turn              (no ring)
MPRegen  0.10/turn              (no ring)

@: sanguine armour
A: sanguine armour 1
a: no special abilities


You were on level 2 of the Dungeon.
You visited 1 branch of the dungeon, and saw 2 of its levels.

You collected 40 gold pieces.

Inventory:

Hand Weapons
 a - a +0 hand axe (weapon)
Missiles
 h - 17 sling bullets
 i - 32 stones (quivered)
Armour
 b - a +0 pair of boots (worn)
 q - a +0 scale mail (worn)
Scrolls
 e - 2 scrolls of teleportation {unknown}
 j - 3 scrolls of identify {unknown}
 l - a scroll of immolation {unknown}
 m - a scroll of enchant armour {unknown}
 n - a scroll of blinking {unknown}
 o - a scroll of remove curse {unknown}
 s - a scroll of fog {unknown}
Potions
 c - a potion of curing
 d - a potion of brilliance {unknown}
 f - 2 potions of heal wounds {unknown}
 g - a potion of attraction {unknown}
 k - 2 potions of invisibility {unknown}
 p - a potion of might {unknown}
 r - 2 potions of berserk rage {unknown}


   Skills:
 * Level 1.7 Fighting
 * Level 1.1 Armour
 * Level 1.2 Dodging
 - Level 3.3 Stealth
 - Level 1.0 Unarmed Combat
 - Level 2.1 Spellcasting
 - Level 1.0 Conjurations
 - Level 1.0 Evocations


You had 6 spell levels left.
You didn't know any spells.
Your spell library contained the following spells:

 Spells                   Type           Power        Failure   Level
 Magic Dart               Conj           16%          71%         1
 Apportation              Tloc           2%           83%         1
 Searing Ray              Conj           8%           83%         2
 Dazzling Flash           Conj/Hex       6%           98%         3
 Portal Projectile        Hex/Tloc       2%           99%         3
 Fulminant Prism          Conj/Hex       1%           100%        4
 Iskenderun's Mystic Bla  Conj/Tloc      3%           100%        4


Dungeon Overview and Level Annotations

Branches:
Dungeon (2/15)

Altars:


Innate Abilities, Weirdness & Mutations

When seriously injured, your bleeding wounds create armour. (AC +6)


Message History

The worm bites you.
You completely miss the worm.
The worm is severely wounded.
The worm bites you but does no damage.
You hit the worm.
The worm is almost dead.
You hit the worm but do no damage.
The worm is almost dead.
The worm bites you!
* * * LOW HITPOINT WARNING * * *
You hit the worm.
The worm is almost dead.
The worm bites you but does no damage.
You barely miss the worm.
The worm is almost dead.
The worm barely misses you.
You hit the worm.
The worm is almost dead.
The worm bites you.
You die...

#.##.........#.#......
#............#........
####.###########.....[
#.## ##..... #..###
##....
##...##############
###...##.....#
#.######.##.....#
#..w@>##.##.....#
#####...........#
########...#......#
##.....)..[........#
.......†..####.....#
########### #.....#
#<....# #######


You could see a worm.

Vanquished Creatures
  An adder (D:2)
  A dart slug (D:1)
  2 leopard geckos (D:1)
  2 bats (D:2)
  2 giant cockroaches (D:1)
  4 goblins
  A hobgoblin (D:1)
  A ball python (D:1)
  2 frilled lizards (D:1)
  8 kobolds
  4 rats
28 creatures vanquished.

Notes
Turn   | Place    | Note
-------+----------+-------------------------------------------
     0 | D:1      | Chiseanne the Demonspawn Wanderer began the quest for the
                  | Orb.
     0 | D:1      | Chiseanne set off with the following items: a +0 dagger, a
                  | potion of curing, a +0 robe; and the following spells
                  | available to memorise: Magic Dart, Apportation, Searing
                  | Ray, Dazzling Flash, Portal Projectile, Fulminant Prism,
                  | Iskenderun's Mystic Blast
     0 | D:1      | Reached XP level 1. HP: 15/15 MP: 3/3
    17 | D:1      | Upgraded the game from 0.26.1-2-gb8aa6d0cf2 to
                  | 0.26.1-10-gdfb7c7de75
   234 | D:1      | Reached skill level 3 in Stealth
   305 | D:1      | Gained mutation: When seriously injured, your bleeding
                  | wounds create armour. (AC +6) [demonic ancestry]
   305 | D:1      | Reached XP level 2. HP: 21/21 MP: 5/5
  1214 | D:2      | Reached skill level 1 in Armour
  1214 | D:2      | Reached XP level 3. HP: 26/26 MP: 6/6
  1513 | D:2      | Slain by a worm

Illustrated notes

Levels and vault maps discovered:
D:1:      minmay_arrival_four_circles, layout_loops_ring, serial_bayou_pond_e
D:2:      layout_rooms, old_standard_altar, chequers_decorated_corner,
          kennysheep_generic_room_10

Skill      XL: |  1  2 |
---------------+-------+-----
Stealth        | 3 |  3.3
Armour         | 1 |  1.1
Fighting       | |  1.7
Dodging        | |  1.2
Unarmed Combat | |  1.0
Spellcasting   | |  2.1
Conjurations   | |  1.0
Evocations     | |  1.0

Action                   || total
-------------------------++-------
Melee: Dagger            ||    22
       Hand axe          ||    81
       Short sword       ||     9
       Punch             ||     1
 Stab: Sleeping          ||     6
Armor: Robe              ||    15
       Scale mail        ||    30
Dodge: Dodged            ||    57
